PIO (24 & UNDER)
JASPER COUGARS @ CHULA VISTA TACOS
09/21/2025
 
TOP OF THE 1ST
Jasper Cougars batting - Pitching for Chula Vista Tacos : LHP Nesto Pérez
Pitching: LHP Nesto Pérez
Batting: RHB Javier Castillo 0-0: Fly out, F9 (Flyball, 89XD)
Batting: LHB António Camacho 0-0: Ball
1-0: Called Strike
1-1: Fly out, F2 (Popup, 3SF)
Batting: LHB John Eardley 0-0: Called Strike
0-1: Fly out, F7 (Flyball, 8LM)
Top of the 1st over - 0 run(s), 0 hit(s), 0 error(s), 0 left on base; Jasper 0 - Chula Vista 0
BOTTOM OF THE 1ST
Chula Vista Tacos batting - Pitching for Jasper Cougars : LHP Alfredo Maestas
Pitching: LHP Alfredo Maestas
Batting: SHB Michael Aisher 0-0: Foul Ball, location: 2F
0-1: Foul Ball, location: 2F
0-2: Strikes out swinging
Batting: LHB Michael Myers 0-0: Ball
1-0: Ball
2-0: Ball
3-0: Called Strike
3-1: Foul Ball, location: 2F
3-2: Base on Balls
Batting: RHB Johnny Williams 0-0: Fly out, F6 (Popup, 6MS)
Batting: SHB Walt Rodgers 0-0: Fly out, F7 (Line Drive, 7D)
Bottom of the 1st over - 0 run(s), 0 hit(s), 0 error(s), 1 left on base; Jasper 0 - Chula Vista 0
TOP OF THE 2ND
Jasper Cougars batting - Pitching for Chula Vista Tacos : LHP Nesto Pérez
Batting: RHB George Reeves 0-0: Swinging Strike
0-1: Ball
1-1: Swinging Strike
1-2: Strikes out looking
Batting: SHB Carlos Córdova 0-0: Called Strike
0-1: Fly out, F4 (Popup, 13S)
Batting: LHB Jon Rogers 0-0: Called Strike
0-1: Ball
1-1: Foul Ball, location: 2F
1-2: Ball
2-2: Strikes out swinging
Top of the 2nd over - 0 run(s), 0 hit(s), 0 error(s), 0 left on base; Jasper 0 - Chula Vista 0
BOTTOM OF THE 2ND
Chula Vista Tacos batting - Pitching for Jasper Cougars : LHP Alfredo Maestas
Batting: RHB Manny Torrez 0-0: Ball
1-0: TRIPLE (Line Drive, 9M)
Batting: RHB José Oliveira 0-0: Foul Ball, location: 2F
0-1: Called Strike
0-2: Foul Ball, location: 2F
0-2: Ball
1-2: Foul Ball, location: 2F
1-2: Ball
2-2: Ball
3-2: Strikes out swinging
Batting: RHB Will David 0-0: Fly out, F6 (Line Drive, 6)
Batting: LHB Dennis Lovett 0-0: Swinging Strike
0-1: Called Strike
0-2: Foul Ball, location: 2F
0-2: Strikes out swinging
Bottom of the 2nd over - 0 run(s), 1 hit(s), 0 error(s), 1 left on base; Jasper 0 - Chula Vista 0
TOP OF THE 3RD
Jasper Cougars batting - Pitching for Chula Vista Tacos : LHP Nesto Pérez
Batting: RHB José Ortega 0-0: Swinging Strike
0-1: Foul Ball, location: 2F
0-2: SINGLE (Flyball, 34D)
Batting: RHB Jesús Velásquez 0-0: Ball
1-0: Ball
2-0: Ball
3-0: Called Strike
3-1: Called Strike
3-2: Strikes out swinging
Batting: RHB Henry Barker 0-0: Ball
1-0: Fly out, F1 (Line Drive, 15)
Batting: RHB Javier Castillo 0-0: Called Strike
0-1: Foul Ball, location: 2F
0-2: Ground out 5-3 (Groundball, 56S)
Top of the 3rd over - 0 run(s), 1 hit(s), 0 error(s), 1 left on base; Jasper 0 - Chula Vista 0
BOTTOM OF THE 3RD
Chula Vista Tacos batting - Pitching for Jasper Cougars : LHP Alfredo Maestas
Batting: RHB Ron Garrett 0-0: Called Strike
0-1: Called Strike
0-2: Foul Ball, location: 2F
0-2: Ball
1-2: Strikes out looking
Batting: SHB Michael Aisher 0-0: Ball
1-0: Swinging Strike
1-1: Called Strike
1-2: Ball
2-2: Ball
3-2: Strikes out swinging
Batting: LHB Michael Myers 0-0: Ball
1-0: Swinging Strike
1-1: Ball
2-1: Ball
3-1: Base on Balls
Batting: RHB Johnny Williams 0-0: Ball
1-0: Foul Ball, location: 2F
1-1: Foul Ball, location: 2F
1-2: Ball
2-2: DOUBLE (Line Drive, 89XD)
Michael Myers to third
Runner from 3rd tries for Home, throw and OUT!
Bottom of the 3rd over - 0 run(s), 1 hit(s), 0 error(s), 1 left on base; Jasper 0 - Chula Vista 0
TOP OF THE 4TH
Jasper Cougars batting - Pitching for Chula Vista Tacos : LHP Nesto Pérez
Batting: LHB António Camacho 0-0: Called Strike
0-1: Ball
1-1: Fly out, F7 (Flyball, 7M)
Batting: LHB John Eardley 0-0: SINGLE (Line Drive, 89S)
Batting: RHB George Reeves 0-0: Ball
1-0: Ball
2-0: Ball
3-0: Base on Balls
John Eardley to second
Batting: SHB Carlos Córdova 0-0: Called Strike
0-1: Foul Ball, location: 2F
0-2: Ball
1-2: Fly out, F9 (Flyball, 89M)
Batting: LHB Jon Rogers 0-0: Ground out 3-1 (Groundball, 3L)
Top of the 4th over - 0 run(s), 1 hit(s), 0 error(s), 2 left on base; Jasper 0 - Chula Vista 0
BOTTOM OF THE 4TH
Chula Vista Tacos batting - Pitching for Jasper Cougars : LHP Alfredo Maestas
Batting: SHB Walt Rodgers 0-0: Ball
1-0: Ball
2-0: Called Strike
2-1: Swinging Strike
2-2: Foul Ball, location: 2F
2-2: Ground out 6-3 (Groundball, 6M)
Batting: RHB Manny Torrez 0-0: Ball
1-0: Ball
2-0: Called Strike
2-1: Called Strike
2-2: Ball
3-2: Fly out, F9 (Flyball, 89M)
Batting: RHB José Oliveira 0-0: Called Strike
0-1: Ball
1-1: Swinging Strike
1-2: Strikes out swinging
Bottom of the 4th over - 0 run(s), 0 hit(s), 0 error(s), 0 left on base; Jasper 0 - Chula Vista 0
TOP OF THE 5TH
Jasper Cougars batting - Pitching for Chula Vista Tacos : LHP Nesto Pérez
Batting: RHB José Ortega 0-0: Called Strike
0-1: Ball
1-1: SINGLE (Flyball, 9LS)
Batting: RHB Jesús Velásquez 0-0: Ball
1-0: Foul Ball, location: 2F
1-1: Foul Ball, location: 2F
1-2: Strikes out swinging
Batting: RHB Henry Barker 0-0: Called Strike
0-1: SINGLE (Line Drive, 89S)
José Ortega to second
Batting: RHB Javier Castillo 0-0: Swinging Strike
0-1: SINGLE (Groundball, 15) (infield hit)
José Ortega to third
Henry Barker to second
Batting: LHB António Camacho 0-0: Fly out, F8 (Flyball, 8LXD)
Runner from 3rd tags up, SCORES, no throw
Batting: LHB John Eardley 0-0: Ball
1-0: SINGLE (Line Drive, 56)
Henry Barker to third
Javier Castillo to second
Runner from 3rd tries for Home, SAFE, no throw or cutoff
Batting: RHB George Reeves 0-0: Foul Ball, location: 2F
0-1: Ground out 4-3 (Groundball, 4)
Top of the 5th over - 2 run(s), 4 hit(s), 0 error(s), 2 left on base; Jasper 2 - Chula Vista 0
BOTTOM OF THE 5TH
Chula Vista Tacos batting - Pitching for Jasper Cougars : LHP Alfredo Maestas
Batting: RHB Will David 0-0: Called Strike
0-1: Foul Ball, location: 2F
0-2: Foul Ball, location: 2F
0-2: DOUBLE (Line Drive, 7M)
Batting: LHB Dennis Lovett 0-0: Called Strike
0-1: Ball
Will David steals 3rd base
1-1: Ground out 4-3 (Groundball, 4S)
Will David scores
Pitching: RHP Paul Turberville
Batting: RHB Ron Garrett 0-0: Ball
1-0: Swinging Strike
1-1: Swinging Strike
1-2: Ball
2-2: Strikes out swinging
Batting: SHB Michael Aisher 0-0: Foul Ball, location: 2F
0-1: Ball
1-1: Ground out 6-3 (Groundball, 6M)
Bottom of the 5th over - 1 run(s), 1 hit(s), 0 error(s), 0 left on base; Jasper 2 - Chula Vista 1
TOP OF THE 6TH
Jasper Cougars batting - Pitching for Chula Vista Tacos : LHP Nesto Pérez
Batting: SHB Carlos Córdova 0-0: Swinging Strike
0-1: Ball
1-1: Ground out 3-1 (Groundball, 34)
Batting: LHB Jon Rogers 0-0: Swinging Strike
0-1: Ground out 4-3 (Groundball, 4)
Batting: RHB José Ortega 0-0: Foul Ball, location: 2F
0-1: Ball
1-1: Foul Ball, location: 2F
1-2: Ground out 6-3 (Groundball, 56)
Top of the 6th over - 0 run(s), 0 hit(s), 0 error(s), 0 left on base; Jasper 2 - Chula Vista 1
BOTTOM OF THE 6TH
Chula Vista Tacos batting - Pitching for Jasper Cougars : RHP Paul Turberville
Batting: LHB Michael Myers 0-0: Ball
1-0: Called Strike
1-1: Foul Ball, location: 2F
1-2: Fly out, F8 (Line Drive, 8RM)
Batting: RHB Johnny Williams 0-0: Ball
1-0: Foul Ball, location: 2F
1-1: SINGLE (Line Drive, 34)
Batting: SHB Walt Rodgers 0-0: Called Strike
0-1: Ball
1-1: Reached on error, E1 (Groundball, 13S)
Johnny Williams to second
Batting: RHB Manny Torrez 0-0: Ball
1-0: Foul Ball, location: 2F
1-1: Called Strike
1-2: Ball
2-2: SINGLE (Groundball, 56D)
Johnny Williams to third
Walt Rodgers to second
Runner from 3rd tries for Home, throw and OUT!
Walt Rodgers to third
Manny Torrez to second
Batting: RHB José Oliveira 0-0: Ball
1-0: Ball
2-0: Ball
3-0: Base on Balls
Batting: RHB Will David 0-0: Called Strike
0-1: Ball
1-1: Foul Ball, location: 2F
1-2: Strikes out swinging
Bottom of the 6th over - 0 run(s), 2 hit(s), 1 error(s), 3 left on base; Jasper 2 - Chula Vista 1
TOP OF THE 7TH
Jasper Cougars batting - Pitching for Chula Vista Tacos : LHP Nesto Pérez
Batting: RHB Jesús Velásquez 0-0: Ball
1-0: Foul Ball, location: 2F
1-1: Ball
2-1: Swinging Strike
2-2: Ball
3-2: Strikes out swinging
Batting: RHB Henry Barker 0-0: Ball
1-0: Called Strike
1-1: Called Strike
1-2: Strikes out swinging
Batting: RHB Javier Castillo 0-0: Called Strike
0-1: Called Strike
0-2: Ball
1-2: Ball
2-2: Ball
3-2: Base on Balls
Pitching: LHP Alejandro Flores
Pinch Hitting: RHB David Hernández 0-0: Ball
1-0: Called Strike
1-1: Fielders Choice at 2nd, 5-4 (Groundball, 56)
Top of the 7th over - 0 run(s), 0 hit(s), 0 error(s), 0 left on base; Jasper 2 - Chula Vista 1
BOTTOM OF THE 7TH
Chula Vista Tacos batting - Pitching for Jasper Cougars : RHP Paul Turberville
Now in LF: Joe Smith
Batting: LHB Dennis Lovett 0-0: SINGLE (Groundball, 4S) (infield hit)
Pinch Hitting: RHB Gustavo Torres 0-0: Called Strike
0-1: Ball
1-1: Foul Ball, location: 2F
1-2: Strikes out looking
Pitching: RHP Chris Schultz
Batting: SHB Michael Aisher 0-0: Ball
1-0: Swinging Strike
1-1: Ball
2-1: Foul Ball, location: 2F
2-2: Fly out, F9 (Flyball, 9M)
Batting: LHB Michael Myers 0-0: Ball
1-0: Foul Ball, location: 2F
1-1: Foul Ball, location: 2F
1-2: Ball
Dennis Lovett steals 2nd base
2-2: Strikes out swinging
Bottom of the 7th over - 0 run(s), 1 hit(s), 0 error(s), 1 left on base; Jasper 2 - Chula Vista 1
TOP OF THE 8TH
Jasper Cougars batting - Pitching for Chula Vista Tacos : LHP Alejandro Flores
Now at 1B: Jesús Ramírez
Batting: LHB John Eardley 0-0: SINGLE (Line Drive, 6MD)
Batting: RHB George Reeves 0-0: Called Strike
0-1: Ball
1-1: Swinging Strike
1-2: Grounds into double play, 6-4-3 (Groundball, 6)
Batting: SHB Carlos Córdova 0-0: Foul Ball, location: 2F
0-1: Swinging Strike
0-2: Ball
1-2: Ball
2-2: Foul Ball, location: 2F
2-2: Foul Ball, location: 2F
2-2: Ball
3-2: Strikes out swinging
Top of the 8th over - 0 run(s), 1 hit(s), 0 error(s), 0 left on base; Jasper 2 - Chula Vista 1
BOTTOM OF THE 8TH
Chula Vista Tacos batting - Pitching for Jasper Cougars : RHP Chris Schultz
Now at SS: Juan Carlos
Batting: RHB Johnny Williams 0-0: Ball
1-0: Ground out 6-3 (Groundball, 6M)
Batting: SHB Walt Rodgers 0-0: Foul Ball, location: 2F
0-1: Ball
1-1: Swinging Strike
1-2: Foul Ball, location: 2F
1-2: Ball
2-2: Fly out, F8 (Flyball, 8RM)
Batting: RHB Manny Torrez 0-0: Ball
1-0: Foul Ball, location: 2F
1-1: Foul Ball, location: 2F
1-2: Foul Ball, location: 2F
1-2: Strikes out swinging
Bottom of the 8th over - 0 run(s), 0 hit(s), 0 error(s), 0 left on base; Jasper 2 - Chula Vista 1
TOP OF THE 9TH
Jasper Cougars batting - Pitching for Chula Vista Tacos : LHP Alejandro Flores
Pitching: RHP Joe Shoemaker
Batting: LHB Jon Rogers 0-0: Called Strike
0-1: Fly out, F9 (Flyball, 89S)
Batting: RHB José Ortega 0-0: Foul Ball, location: 2F
0-1: Ball
1-1: Called Strike
1-2: Ball
2-2: Ball
3-2: Foul Ball, location: 2F
3-2: Strikes out looking
Batting: RHB Jesús Velásquez 0-0: Fly out, F6 (Popup, 6MS)
Top of the 9th over - 0 run(s), 0 hit(s), 0 error(s), 0 left on base; Jasper 2 - Chula Vista 1
BOTTOM OF THE 9TH
Chula Vista Tacos batting - Pitching for Jasper Cougars : RHP Chris Schultz
Pitching: LHP Júlio Aguilar
Pinch Hitting: RHB Ray Rogers 0-0: Ball
1-0: Swinging Strike
1-1: Ball
2-1: Swinging Strike
2-2: Foul Ball, location: 2F
2-2: Strikes out looking
Pinch Hitting: RHB Dave King 0-0: Swinging Strike
0-1: Ball
1-1: Called Strike
1-2: Ball
2-2: Strikes out swinging
Pinch Hitting: SHB David Jones 0-0: Ground out 5-3 (Groundball, 56S)
Bottom of the 9th over - 0 run(s), 0 hit(s), 0 error(s), 0 left on base; Jasper 2 - Chula Vista 1
This league is powered by Out of the Park Baseball, the baseball management simulation game for PC, Mac and Linux
Tuesday, August 2nd, 2016 - OOTP Baseball 16.8 Build 38